 Dungeon Crawl Stone Soup version 0.26-a0-651-gb41185065b (webtiles) character file.

Game seed: 18127761456360630036

(classic levelgen) 14672 EnegeticOcto the Cleaver (level 11, -18/103 HPs)
             Began as a Deep Dwarf Fighter on Sept 30, 2020.
             Was an Elder of Makhleb.
             Killed from afar by Frances (39 damage)
             ... with an iron shot
             ... on level 12 of the Dungeon.
             The game lasted 00:06:29 (9102 turns).

EnegeticOcto the Cleaver (Deep Dwarf Fighter)       Turns: 9102, Time: 00:06:29

Health: -18/103    AC: 18    Str: 23    XL:     11   Next: 91%
Magic:  7/7        EV:  6    Int:  9    God:    Makhleb [****..]
Gold:   599        SH: 12    Dex: 12    Spells: 10/10 levels left

rFire    . . .     SeeInvis +   a - +1 war axe
rCold    . . .     Faith    +   c - +0 kite shield
rNeg     + . .     Spirit   .   k - +0 plate armour
rPois    +         Reflect  .   i - +0 helmet
rElec    .         Harm     .   z - +2 cloak {rPois}
rCorr    .         Rampage  .   K - +0 pair of gloves
MR       +....                  l - +0 pair of boots
Stlth    ..........             b - amulet of faith
HPRegen  0.00/turn              F - ring "Ahestaxi" {rPois rN+}
MPRegen  0.10/turn              j - ring of see invisible

@: corroded, non-regenerating
A: damage resistance, heal wounds, sense surroundings 2, no regeneration
a: Heal Wounds, Minor Destruction, Lesser Servant of Makhleb, Major Destruction,
Renounce Religion


You were on level 12 of the Dungeon.
You worshipped Makhleb.
Makhleb was greatly pleased with you.
You visited 2 branches of the dungeon, and saw 13 of its levels.
You also visited: Ossuary.

You collected 731 gold pieces.
You spent 132 gold pieces at shops.

Inventory:

Hand Weapons
 a - a +1 war axe (weapon)
Missiles
 L - a throwing net (quivered)
Armour
 c - a +0 kite shield (worn)
 i - a +0 helmet (worn)
 k - a +0 plate armour (worn)
 l - a +0 pair of boots (worn)
 z - a +2 cloak of poison resistance (worn)
 K - a +0 pair of gloves (worn)
Jewellery
 b - an amulet of faith (around neck)
 f - an uncursed ring of ice
 j - a ring of see invisible (right hand)
 F - the ring "Ahestaxi" (left hand) {rPois rN+}
   (You bought it in a shop on level 7 of the Dungeon)

   [ring of poison resistance]

   It protects you from poison.
   It protects you from negative energy.
Wands
 o - a wand of paralysis (21)
 q - a wand of iceblast (40) {@v2}
 u - a wand of polymorph (9)
 y - a wand of digging (5) {@v3}
Scrolls
 g - a scroll of magic mapping {@r5}
 n - 2 scrolls of fear
 r - 9 scrolls of remove curse {@r2}
 t - a scroll of fog
 A - a scroll of identify {@r1}
 C - a scroll of enchant weapon
 E - 2 scrolls of immolation {@r4}
 J - 3 scrolls of teleportation {@r3}
Potions
 d - 2 potions of might {@q3}
 e - 3 potions of haste {@q4}
 h - 5 potions of lignification {@q7}
 m - 2 potions of mutation
 p - 3 potions of stabbing {@q5}
 s - 3 potions of cancellation
 v - 3 potions of ambrosia
 w - a potion of invisibility
 x - 9 potions of curing {@q1}
 D - 4 potions of magic
 G - a potion of resistance {@q6}
 I - 5 potions of heal wounds {@q2}


   Skills:
 + Level 8.1 Fighting
 * Level 12.8 Axes
 + Level 9.7 Armour
 + Level 9.7 Shields
 + Level 7.4 Invocations


You had 10 spell levels left.
You didn't know any spells.
Your spell library was empty.

Dungeon Overview and Level Annotations

Branches:
Dungeon (12/15)            Temple (1/1) D:7            Lair (0/6) D:8
Ossuary (visited)
    Orc: D:9-12

Altars:
Ashenzari
Cheibriados
Dithmenos
Elyvilon
Fedhas
Gozag
Hepliaklqana
Kikubaaqudgha
Makhleb
Nemelex Xobeh
Okawaru
Qazlal
Ru
Sif Muna
Trog
Uskayaw
Vehumet
Wu Jian
Xom
Yredelemnul
Zin
The Shining One

Shops:
D:7 *   D:8 (   D:10 !

Annotations:
D:6 2 transporters
D:8 Prince Ribbit
D:12 Frances


Innate Abilities, Weirdness & Mutations

You are resistant to damage.
You can heal yourself by infusing magical energy.
You passively map the area around you.
You do not regenerate.


Message History

Makhleb accepts your kill.
You feel better.
You hit the orange demon but do no damage.
You hit the rust devil but do no damage.
You slash Frances!
The rust devil disappears in a puff of smoke!
Frances hits you with a +3 vorpal hand axe!
You block the red devil's attack.
You hit Frances.
Frances is severely wounded.
You closely miss the orange demon.
Your plate armour prevents you from hitting the yak.
The orange demon closely misses you. You block the orange demon's attack.
The smoke demon gestures at you. Something smites you!
You block the yak's attack.
Frances hits you with a +3 vorpal hand axe.
The red devil barely misses you.
Your plate armour prevents you from hitting Frances.
Frances is severely wounded.
You hit the orange demon but do no damage.
You hit the yak. You block the orange demon's attack.
The orange demon hits you but does no damage.
The yak barely misses you. Frances barely misses you.
You hit Frances but do no damage.
Frances is severely wounded.
You slash the orange demon! You slash the yak!
You block the red devil's attack.
The orange demon stings you but does no damage.
The orange demon barely misses you. You block the yak's attack.
You hit Frances.
Frances is severely wounded.
You hit the yak. You hit the orange demon.
You hit the smoke demon but do no damage.
Frances hits you with a +3 vorpal hand axe!
The orange demon stings you but does no damage.
You block the orange demon's attack. You block the red devil's attack.
The yak gores you but does no damage. You block the smoke demon's attack.
The smoke demon hits you but does no damage.
The smoke demon hits you.
You are too injured to fight recklessly!
You are too injured to fight recklessly!
You are too injured to fight recklessly!
You are too injured to fight recklessly!
You are too injured to fight recklessly!
You are too injured to fight recklessly!
You are too injured to fight recklessly!
You are too injured to fight recklessly!
You are too injured to fight recklessly!
You are too injured to fight recklessly!
You are too injured to fight recklessly!
You are too injured to fight recklessly!
You are too injured to fight recklessly!
You are too injured to fight recklessly!
You are too injured to fight recklessly!
You are too injured to fight recklessly!
You are too injured to fight recklessly!
You are too injured to fight recklessly!
You are too injured to fight recklessly!
You are too injured to fight recklessly!
You are too injured to fight recklessly!
You are too injured to fight recklessly!
You are too injured to fight recklessly!
You are too injured to fight recklessly!
You are too injured to fight recklessly!
You are too injured to fight recklessly!
You are too injured to fight recklessly!
You are too injured to fight recklessly!
You are too injured to fight recklessly!
You are too injured to fight recklessly!
You feel much better.
Frances hits you with a +3 vorpal hand axe.
You block the orange demon's attack. The orange demon barely misses you.
The yak gores you but does no damage.
The red devil hits you from afar with a +0 trident.
The smoke demon hits you but does no damage. x3
Your magical essence is drained by the effort!
You feel much better.
Frances screams a word of power!
The shard of ice hits you!!!
Ouch! That really hurt!
* * * LOW HITPOINT WARNING * * *
The orange demon stings you but does no damage.
The orange demon hits you.
* * * LOW HITPOINT WARNING * * *
The yak gores you.
* * * LOW HITPOINT WARNING * * *
The smoke demon hits you but does no damage.
The smoke demon barely misses you. You block the smoke demon's attack.
You block the red devil's attack.
You are too injured to fight recklessly!
You are too injured to fight recklessly!
You are too injured to fight recklessly!
You hit Frances but do no damage.
Frances is severely wounded.
You hit the smoke demon but do no damage.
You hit the orange demon. You closely miss the yak.
Frances runs a finger over her scar.
Frances screams a word of power!
The iron shot hits you!!!
You die...

#..# #.. ......#
##.)#####.# * ......##**
........#.#####..... ., ,
* ##..###.#.#........ .
,, #).# #........#*.#.#**
** #..###...#(##.##.#.###
#............4.......# ,*
#)####..........3#.#.##,
* ##)#
#....#.##.4@@...... ,
(()##.###.#.#####Y#.#.##,
, * ####.# ##...


YY... * * * #. #.... , ..#### , , ** #..# ..# * * , ,, .#., ..# *, , * ** , * *
*..# * , ,, * *..# * ,* ,* , , , You could see Frances, an orange demon
(summoned), 3 yaks, a smoke demon (summoned) and a red devil (summoned).

Vanquished Creatures
  A centaur warrior (D:12)
  A two-headed ogre (D:12)
  An unseen horror (D:11)
  Pikel (D:8)
  A cyclops (D:11)
  A deep elf mage (D:12)
  2 ugly things
  Maurice (D:9)
  A guardian serpent (shapeshifter) (D:12)
  3 kobold demonologists
  Grinder (D:6)
  2 hippogriffs (D:8)
  Sigmund (D:6)
  A shadow (D:11)
  A wyvern (D:10)
  6 yaks (D:11)
  2 water moccasins
  5 orc warriors
  3 sky beasts (D:8)
  A phantom (D:7)
  5 ogres
  An eye of draining (D:8)
  A black bear (D:10)
  21 centaurs
  4 lemures (D:8)
  5 big kobolds
  Blork the orc (D:6)
  8 bullfrogs
  A water moccasin zombie (D:7)
  A wyvern zombie (D:11)
  8 scorpions
  6 killer bees (D:11)
  9 wights
  A howler monkey (D:11)
  6 centaur zombies
  A jelly (D:11)
  A quasit (D:10)
  A bullfrog zombie (D:5)
  6 hounds
  3 human zombies (Ossuary)
  9 orc priests
  Crazy Yiuf (D:5)
  10 orc wizards
  A bullfrog skeleton (D:8)
  10 worker ants
  3 iguanas
  A killer bee zombie (D:9)
  4 big kobold zombies (Ossuary)
  A hound skeleton (D:4)
  3 mummies (Ossuary)
  Robin (D:2)
  6 gnolls
  4 scorpion zombies (Ossuary)
  11 adders
  6 white imps
  2 ufetubi
  An ooze (D:2)
  2 adder zombies
  An adder skeleton (D:4)
  2 worms
  2 dart slugs
  5 leopard geckos
  38 orcs
  4 bats
  6 giant cockroaches
  12 goblins
  9 hobgoblins
  19 jackals
  31 kobolds
  7 quokkas
  4 ball pythons
  6 frilled lizards
  3 goblin zombies (Ossuary)
  A hobgoblin zombie (Ossuary)
  2 kobold zombies (Ossuary)
  An orc zombie (Ossuary)
  2 quokka skeletons
  A quokka zombie (D:9)
  3 rats
361 creatures vanquished.

Notes
Turn   | Place    | Note
-------+----------+-------------------------------------------
     0 | D:1      | EnegeticOcto the Deep Dwarf Fighter began the quest for the
                  | Orb.
     0 | D:1      | Reached XP level 1. HP: 20/20 MP: 1/1
    66 | D:2      | Reached XP level 2. HP: 22/27 MP: 2/2
    78 | D:2      | Noticed Robin
    82 | D:2      | Reached skill level 3 in Axes
    83 | D:2      | Reached XP level 3. HP: 20/33 MP: 3/3
    90 | D:2      | Killed Robin
   111 | D:2      | Found a sparkling altar of Nemelex Xobeh.
   144 | D:3      | Found an opulent altar of Gozag.
   202 | D:3      | Reached XP level 4. HP: 31/42 MP: 4/4
   231 | D:3      | Found a sacrificial altar of Ru.
   239 | D:3      | Reached skill level 4 in Axes
   283 | D:3      | Reached XP level 5. HP: 49/49 MP: 4/4
   399 | D:5      | Entered Level 5 of the Dungeon
   462 | D:5      | Noticed a centaur
   473 | D:5      | Killed a centaur
   473 | D:5      | Reached XP level 6. HP: 47/57 MP: 5/5
   476 | D:5      | Reached skill level 5 in Axes
   529 | D:5      | Found an iron altar of Okawaru.
  1378 | D:5      | Found a runed translucent door.
  1379 | D:5      | Noticed Crazy Yiuf
  1515 | D:5      | Killed Crazy Yiuf
  1566 | D:6      | Noticed an orc warrior
  1578 | D:6      | Reached XP level 7. HP: 51/64 MP: 6/6
  1584 | D:6      | Reached skill level 5 in Armour
  1584 | D:6      | Reached skill level 5 in Shields
  1620 | D:6      | Found a transporter.
  1639 | D:6      | Reached skill level 6 in Axes
  1650 | D:6      | Noticed Grinder
  1653 | D:6      | Noticed Blork the orc
  1675 | D:6      | Paralysed by Grinder for 7 turns
  1690 | D:6      | Paralysed by Grinder for 6 turns
  1699 | D:6      | Killed Blork the orc
  1703 | D:6      | Killed Grinder
  1717 | D:6      | Reached XP level 8. HP: 60/73 MP: 7/7
  1723 | D:6      | Noticed Sigmund
  1731 | D:6      | Killed Sigmund
  1731 | D:6      | Reached skill level 7 in Axes
  1948 | D:6      | Reached skill level 5 in Fighting
  2123 | D:6      | Found a transporter.
  2399 | D:6      | Reached skill level 8 in Axes
  2723 | D:7      | Gained mutation: You passively map the area around you.
                  | [Deep Dwarf growth]
  2723 | D:7      | Reached XP level 9. HP: 64/81 MP: 6/6
  2749 | D:7      | Found Kousaoj's Assorted Antiques.
  2795 | D:7      | Found a sand-covered staircase.
  2801 | Ossuary  | Entered an ossuary
  2923 | Ossuary  | Reached skill level 9 in Axes
  3321 | D:7      | Bought a pitted marble ring for 110 gold pieces
  3321 | D:7      | Bought a scroll labeled YSMORA CEPRI for 22 gold pieces
  3322 | D:7      | Identified the ring "Ahestaxi" {rPois rN+} (You bought it
                  | in a shop on level 7 of the Dungeon)
  3916 | D:7      | Found a staircase to the Ecumenical Temple.
  4259 | Temple   | Entered the Ecumenical Temple
  4527 | D:2      | Found a basalt altar of Yredelemnul.
  4717 | D:2      | Found a stormy altar of Qazlal.
  4717 | D:2      | Found a burning altar of Makhleb.
  4718 | D:2      | Found a glowing silver altar of Zin.
  4757 | D:2      | Became a worshipper of Makhleb the Destroyer
  5297 | D:4      | Found an ornate altar of the Wu Jian Council.
  5917 | D:8      | Reached skill level 1 in Invocations
  5975 | D:8      | Reached skill level 10 in Axes
  6021 | D:8      | Reached XP level 10. HP: 73/92 MP: 2/7
  6120 | D:8      | Reached * piety under Makhleb
  6123 | D:8      | Found a staircase to the Lair.
  6275 | D:8      | Noticed Prince Ribbit
  6367 | D:8      | Noticed Pikel
  6392 | D:8      | Killed Pikel
  6490 | D:8      | Found Lyastruwe's Weapon Shop.
  6608 | D:9      | Noticed a smoke demon
  6621 | D:9      | Reached skill level 11 in Axes
  6724 | D:9      | Found a bloodstained altar of Trog.
  6768 | D:9      | Noticed Maurice
  6776 | D:9      | Reached ** piety under Makhleb
  6783 | D:9      | Paralysed by Maurice for 2 turns
  6788 | D:9      | Killed Maurice
  7006 | D:10     | Entered Level 10 of the Dungeon
  7038 | D:10     | Noticed a cyan ugly thing
  7070 | D:10     | Killed a cyan ugly thing
  7070 | D:10     | Reached skill level 5 in Invocations
  7095 | D:10     | Found Kosyija's Distillery.
  7746 | D:10     | Reached XP level 11. HP: 71/100 MP: 6/8
  8218 | D:11     | Found a sparkling altar of Nemelex Xobeh.
  8245 | D:11     | Reached *** piety under Makhleb
  8280 | D:11     | Noticed an unseen horror
  8294 | D:11     | Killed an unseen horror
  8584 | D:11     | Reached skill level 12 in Axes
  8650 | D:11     | Reached **** piety under Makhleb
  8862 | D:12     | Noticed a two-headed ogre
  8871 | D:12     | Noticed a centaur warrior
  8879 | D:12     | Killed a two-headed ogre
  8891 | D:12     | Killed a centaur warrior
  8945 | D:12     | Noticed a purple ugly thing
  8967 | D:12     | Killed a purple ugly thing
  9012 | D:12     | Noticed a sun demon
  9048 | D:12     | Noticed a deep elf mage
  9057 | D:12     | Killed a deep elf mage
  9074 | D:12     | Noticed Frances
  9102 | D:12     | Killed from afar by Frances

Illustrated notes

Levels and vault maps discovered:
D:1:      lemuel_arrival_hallway, layout_basic
D:2:      layout_rooms, nemelex_xobeh_ov_fountains_minmay,
          nicolae_overflow_quartered_altars, chequers_serial_rivers_small_a,
          uniq_robin
D:3:      layout_rooms, nicolae_gozag_seed_capital, nicolae_ru_awakened_eye
D:4:      layout_basic, overflow_temple_1_default
D:5:      layout_layer_cave, okawaru_trees_2, uniq_crazy_yiuf_cottage
D:6:      gammafunk_cloud_chamber, layout_layer_cave,
          cheibrodos_sewer_entry_bend, solitary_fountain, uniq_blork_the_orc,
          uniq_sigmund, uniq_grinder
D:7:      layout_layer_cave, minmay_temple_entry_trees, serial_shops, shop,
          nicolae_ossuary_entry_plus
D:8:      layout_basic, lair_entry_dummy, serial_shops, kennysheep_mini,
          lemuel_flamethrower_1, uniq_pikel, uniq_prince_ribbit1
D:9:      layout_big_octagon, trog_book, uniq_maurice
D:10:     layout_basic, serial_shops, shop_fountains, small_chamber_with_monster
D:11:     layout_loops_ring, basic_altar
D:12:     layout_loops_ring, minmay_orc_entry_temple_small, due_unseen_surprise,
          uniq_frances
Temple:   zaba_magenta_temple

Skill      XL: |  1  2  3  4  5  6  7  8  9 10 11 |
---------------+----------------------------------+-----
Axes           | 3 4 5 6 8 10 11 12 | 12.8
Fighting       | 3 4 5 6 7 8 |  8.1
Armour         | 4 5 6 7 8 9 |  9.7
Shields        | 4 5 6 7 8 9 |  9.7
Invocations    | 2 5 7 |  7.4

Action                   |  1- 3 |  4- 6 |  7- 9 | 10-12 || total
-------------------------+-------+-------+-------+-------++-------
Melee: War axe           |    54 |   112 |   535 |   618 ||  1319
 Abil: Heal Wounds       |     1 |     5 |    15 |    14 ||    35
Evoke: Wand              |       |       |       |     1 ||     1
  Use: Scroll            |       |       |    14 |    10 ||    24
 Stab: Paralysed         |       |       |       |     2 ||     2
Armor: Scale mail        |    31 |    26 |       |       ||    57
       Plate armour      |       |    70 |   366 |   419 ||   855
Dodge: Dodged            |    31 |    34 |   115 |   185 ||   365
Block: Kite shield       |    32 |    73 |   349 |   435 ||   889

Table legend: (Time is in decaauts)
 A = Elapsed time spent in this place.
 B = Non-inter-level travel time spent in this place.
 C = Inter-level travel time spent in this place.
 D = Time resting spent in this place.
 E = Time spent auto-exploring this place.
 F = Levels seen in this place.
 G = Mean time per level.
                   A        B        C        D        E       F      G
               +--------+--------+--------+--------+--------+-----+--------+
         Total |   9217 |   8621 |    596 |      0 |   6278 |  14 |  658.4 |
       Dungeon |   8813 |   8237 |    576 |      0 |   6098 |  12 |  734.4 |
        Temple |     76 |     57 |     19 |      0 |     57 |   1 |   76.0 |
       Ossuary |    327 |    327 |      0 |      0 |    123 |   1 |  327.0 |
               +--------+--------+--------+--------+--------+-----+--------+

Top non-repeatable levels by time:
     D:7: 1312 daAuts
     D:6: 1248 daAuts
     D:5: 1211 daAuts
    D:10: 1073 daAuts
     D:4: 823 daAuts
    D:11: 747 daAuts
     D:8: 619 daAuts
     D:3: 503 daAuts
     D:9: 494 daAuts
     D:2: 468 daAuts
 Ossuary: 327 daAuts
    D:12: 252 daAuts
  Temple: 76 daAuts
     D:1: 57 daAuts
